 Dungeon Sprint DCSS version 0.27-a0-1245-g940ed4fa31 (webtiles) character file.

Game seed: 10425665801917137881

1842 mhtbhm the Martial Artist (level 9, -6/64 HPs)
             Began as a Merfolk Transmuter on June 9, 2021.
             Was a Believer of Makhleb.
             Killed from afar by an efreet (22 damage)
             ... with a bolt of fire
             ... in the Dungeon (Sprint IX: "|||||||||||||||||||||||||||||").
             The game lasted 00:01:54 (703 turns).

mhtbhm the Martial Artist (Merfolk Transmuter)       Turns: 703, Time: 00:01:54

Health: -6/64      AC:  2    Str: 16    XL:     9   Next: 12%
Magic:  13/21      EV: 31    Int: 12    God:    Makhleb [**....]
Gold:   0          SH:  0    Dex: 20    Spells: 14/24 levels left

rFire    . . .     SeeInvis .     - Unarmed
rCold    . . .     Faith    .   (shield currently unavailable)
rNeg     . . .     Spirit   .   (armour currently unavailable)
rPois    x         Reflect  .   (helmet currently unavailable)
rElec    .         Harm     .   (cloak currently unavailable)
rCorr    .         Rampage  .   (gloves currently unavailable)
Will     .....     NoTele   +   (boots currently unavailable)
Stlth    ++........             (no amulet)
HPRegen  0.20/turn              l - +3 ring of strength
MPRegen  0.17/turn              m - +2 ring of evasion

@: spider-form, wereblooded
A: venomous fangs, tiny, (nimble swimmer 2), (mertail)
a: End Transformation, Renounce Religion, Minor Destruction


You were in the Dungeon.
You worshipped Makhleb.
Makhleb was pleased with you.
You were a venomous arachnid creature.
You visited 1 branch

Inventory:

Armour
 a - a +0 robe (melded)
 j - a +0 pair of gloves (melded)
 k - a +0 helmet (melded)
Jewellery
 l - a +3 ring of strength (left front leg)
 m - a +2 ring of evasion (right front leg)
Wands
 i - a wand of acid (8)
Scrolls
 g - 2 scrolls of amnesia
 h - a scroll of blinking
Potions
 b - a potion of invisibility
 c - 5 potions of curing
 e - a potion of haste
 f - 4 potions of magic


   Skills:
 + Level 3.6 Fighting
 + Level 10.6 Dodging
 + Level 2.1 Stealth
 + Level 14.0 Unarmed Combat
 + Level 8.4 Spellcasting
 + Level 10.7 Transmutations
 + Level 2.8 Poison Magic
 + Level 1.5 Evocations


You had 14 spell levels left.
You knew the following spells:

 Your Spells              Type           Power      Damage    Failure   Level
a - Beastly Appendage     Tmut           60%        N/A       2%          1
b - Wereblood             Tmut           30%        N/A       2%          2
c - Spider Form           Tmut/Pois      10%        N/A       10%         3
d - Ice Form              Ice/Tmut       17%        N/A       34%         4

Your spell library contained the following spells:

 Spells                   Type           Power      Damage    Failure   Level


Dungeon Overview and Level Annotations

Branches:
Dungeon (1/1)

Altars:
Cheibriados
Dithmenos
Elyvilon
Fedhas
Gozag
Hepliaklqana
Kikubaaqudgha
Makhleb
Nemelex Xobeh
Okawaru
Qazlal
Ru
Sif Muna
Trog
Uskayaw
Vehumet
Wu Jian
Xom
Yredelemnul
Zin
The Shining One
Beogh
Jiyva
Lugonu


Innate Abilities, Weirdness & Mutations

You are a venomous arachnid creature.
You have poisonous fangs.
You are tiny and dextrous.
Your spellcasting is less reliable in this form.
Your armour is entirely melded.
You are incapable of wielding weapons or throwing items.
((You are quick and stealthy near water. (Stealth+, EV+, Speed+++)))
((Your lower body shifts to a powerful aquatic tail in water.))


Message History

The efreet gestures at you. The bolt of fire misses you.
Unknown command.
Unknown command.
The efreet barely misses you.
You see here 4 large rocks.
You hit the efreet.
The efreet is lightly wounded.
The tengu conjurer casts a spell.
Nothing appears to happen.
The efreet hits you with a +3 scimitar of flaming.
The efreet burns you.
You hit the efreet but do no damage.
The efreet is lightly wounded.
The efreet gestures at you.
The fireball explodes!
The fireball engulfs you!!
* * * LOW HITPOINT WARNING * * *
The fireball engulfs the efreet.
The efreet completely resists.
You bite the efreet!
The efreet is poisoned.
The efreet is moderately wounded.
Unknown command.
You feel much better.
The efreet hits you with a +3 scimitar of flaming!!
* * * LOW HITPOINT WARNING * * *
The efreet burns you!
* * * LOW HITPOINT WARNING * * *
Unknown command.
You feel much better.
You hiss as the wereblood boils in your veins!
The efreet hits you with a +3 scimitar of flaming!
The efreet burns you.
* * * LOW HITPOINT WARNING * * *
Unknown command.
Okay, then.
Blink to where?
Press: ? - help, Dir - move target
As you read the scroll of blinking, it crumbles to dust.
The efreet gestures at you. The bolt of fire hits you!!
You die... ▓▓▓▓▓▓▓▓▓▓▓▓▓▓▓▓▓▓▓▓▓▓▓▓▓▓▓▓▓ +DccQ○R'....s.'..[..))..'____ ▓▓▓▓▓▓▓▓▓▓▓▓▓▓▓▓▓▓▓▓▓▓▓▓▓▓▓▓▓

You could see an efreet (very poisoned).

Vanquished Creatures
  A two-headed ogre (D)
  A cyclops (D)
  A troll (D)
  A hornet (D)
  A yak (D)
  An orc warrior (D)
  A centaur (D)
  A scorpion (D)
  An adder (D)
  A ball python (D)
  A bat skeleton (D)
  A bat zombie (D)
  2 endoplasms (D)
  A hobgoblin (D)
  A frilled lizard (D)
  A jackal skeleton (D)
17 creatures vanquished.

Notes
Turn   | Place    | Note
-------+----------+-------------------------------------------
     0 | D        | mhtbhm the Merfolk Transmuter began the quest for the Orb.
     0 | D        | Reached XP level 1. HP: 15/15 MP: 3/3
    11 | D        | Reached skill level 4 in Unarmed Combat
   163 | D        | Noticed a scorpion
   170 | D        | Killed a scorpion
   171 | D        | Reached skill level 6 in Unarmed Combat
   171 | D        | Reached XP level 2. HP: 21/21 MP: 2/6
   171 | D        | Reached XP level 3. HP: 26/26 MP: 2/8
   171 | D        | Reached XP level 4. HP: 32/32 MP: 2/9
   177 | D        | Reached skill level 7 in Unarmed Combat
   328 | D        | Found a snail-covered altar of Cheibriados.
   328 | D        | Found a shadowy altar of Dithmenos.
   328 | D        | Found a white marble altar of Elyvilon.
   328 | D        | Found a blossoming altar of Fedhas.
   328 | D        | Found an opulent altar of Gozag.
   329 | D        | Found a hazy altar of Hepliaklqana.
   330 | D        | Found a viscous altar of Jiyva.
   331 | D        | Found an ancient bone altar of Kikubaaqudgha.
   332 | D        | Found a corrupted altar of Lugonu.
   333 | D        | Found a burning altar of Makhleb.
   334 | D        | Found a sparkling altar of Nemelex Xobeh.
   335 | D        | Found an iron altar of Okawaru.
   336 | D        | Found a stormy altar of Qazlal.
   337 | D        | Found a sacrificial altar of Ru.
   338 | D        | Found a shimmering blue altar of Sif Muna.
   339 | D        | Found a bloodstained altar of Trog.
   340 | D        | Found a hide-covered altar of Uskayaw.
   341 | D        | Became a worshipper of Makhleb the Destroyer
   342 | D        | Found a radiant altar of Vehumet.
   343 | D        | Found an ornate altar of the Wu Jian Council.
   344 | D        | Found a shimmering altar of Xom.
   345 | D        | Found a basalt altar of Yredelemnul.
   346 | D        | Found a glowing silver altar of Zin.
   347 | D        | Found a glowing golden altar of the Shining One.
   390 | D        | Learned a level 2 spell: Wereblood
   394 | D        | Learned a level 3 spell: Spider Form
   399 | D        | Learned a level 4 spell: Ice Form
   428 | D        | Noticed a hornet
   428 | D        | Noticed a centaur
   428 | D        | Noticed an orc warrior
   428 | D        | Noticed a yak
   428 | D        | Noticed a two-headed ogre
   428 | D        | Noticed a troll
   442 | D        | Killed a troll
   443 | D        | Reached skill level 10 in Unarmed Combat
   443 | D        | Reached skill level 5 in Spellcasting
   443 | D        | Reached skill level 1 in Poison Magic
   443 | D        | Reached XP level 5. HP: 35/38 MP: 2/12
   443 | D        | Reached XP level 6. HP: 41/44 MP: 2/14
   447 | D        | Killed a two-headed ogre
   448 | D        | Reached skill level 1 in Stealth
   448 | D        | Reached skill level 12 in Unarmed Combat
   448 | D        | Reached skill level 1 in Evocations
   448 | D        | Reached XP level 7. HP: 39/51 MP: 3/17
   448 | D        | Reached XP level 8. HP: 43/57 MP: 3/18
   448 | D        | Killed a yak
   448 | D        | Reached * piety under Makhleb
   455 | D        | Reached skill level 13 in Unarmed Combat
   458 | D        | Reached skill level 10 in Transmutations
   462 | D        | Killed a hornet
   462 | D        | Reached ** piety under Makhleb
   463 | D        | Reached skill level 10 in Dodging
   691 | D        | Noticed a centaur warrior
   691 | D        | Noticed a centaur warrior
   691 | D        | Noticed a tengu conjurer
   691 | D        | Noticed an efreet
   691 | D        | Noticed a cyclops
   695 | D        | Killed a cyclops
   696 | D        | Reached skill level 14 in Unarmed Combat
   696 | D        | Reached XP level 9. HP: 36/64 MP: 15/21
   699 | D        | HP: 3/64 [efreet/fireball (22)]
   703 | D        | Killed from afar by an efreet

Illustrated notes

Levels and vault maps discovered:
D:        linesprint [early_d, line_temple, items_1, d_10, items_2, lair_1,
          lair_end, items_3, orc_1, orc_end, items_4, d_15, swamp_1, shoals_1,
          snake_1, spider_1, d_20, vaults_1, items_5, swamp_end, shoals_end,
          snake_end, spider_end, vaults_end, d_27, items_6, zot_1, zot_end,
          crypt_end, forest_end, elf_end, slime_end, tomb_end, abyss_end,
          pan_hell_end]

Skill      XL: |  1  2  3  4  5  6  7  8 |
---------------+-------------------------+-----
Dodging        | 4 6 9 10 | 10.6
Transmutations | 4 7 9 10 | 10.7
Unarmed Combat | 6 10 12 14 | 14.0
Spellcasting   | 3 5 7 8 |  8.4
Fighting       | 2 3 |  3.6
Poison Magic   | 1 2 |  2.8
Stealth        | 1 2 |  2.1
Evocations     | 1 |  1.5

Action                   |  1- 3 |  4- 6 |  7- 9 || total
-------------------------+-------+-------+-------++-------
Melee: Unarmed           |    13 |    18 |    20 ||    51
       Headbutt          |     3 |     2 |       ||     5
 Cast: Beastly Appendage |     2 |       |       ||     2
       Spider Form       |       |     2 |     1 ||     3
       Wereblood         |       |     1 |     1 ||     2
       Ice Form          |       |       |     1 ||     1
Evoke: Wand              |       |     2 |       ||     2
  Use: Potion            |     1 |     1 |     2 ||     4
       Scroll            |       |       |     1 ||     1
Armor: Robe              |     1 |     3 |       ||     4
Dodge: Dodged            |     3 |    18 |    15 ||    36

Table legend: (Time is in decaauts)
 A = Elapsed time spent in this place.
 B = Non-inter-level travel time spent in this place.
 C = Inter-level travel time spent in this place.
 D = Time resting spent in this place.
 E = Time spent auto-exploring this place.
 F = Levels seen in this place.
 G = Mean time per level.
                   A        B        C        D        E       F      G
               +--------+--------+--------+--------+--------+-----+--------+
         Total |    702 |    702 |      0 |    529 |      0 |   1 |  702.0 |
       Dungeon |    702 |    702 |      0 |    529 |      0 |   1 |  702.0 |
               +--------+--------+--------+--------+--------+-----+--------+

Top non-repeatable levels by time:
       D: 702 daAuts
